[Event "Late-Titled-Tuesday-Blitz-April-23-2024"]
[Site "Chess.com"]
[Date "2024.04.23"]
[Round "8"]
[White "prochn"]
[Black "kai_nov"]
[Result "1-0"]
[WhiteElo "2469"]
[BlackElo "2276"]
[TimeControl "180+1"]
[EndTime "15:29:27 PDT"]
[Termination "prochn won by checkmate"]

1. d4 d5 2. c4 e6 3. Nf3 c6 4. g3 dxc4 5. Bg2 b5 6. a4 Bb7 7.
O-O Nd7 8. b3 cxb3 9. Nbd2 Ngf6 10. Nxb3 Bd6 11. Bb2 bxa4 12. Rxa4 c5 13. Qa1 O-O 14. Rd1 Qe7 15. Ne5 Bxg2 16. Kxg2 Bxe5 17. dxe5 Nd5 18. Rxa7 Rxa7 19. Qxa7 Rc8 20. e4 N5b6 21. Ba3 Qe8 22. Nxc5 Ra8 23. Qb7 Rxa3 24. Nxd7 Nxd7 25. Rxd7 g6 26. Qc7 Ra8 27. h4 h5 28. Qd6 Kg7 29. Kh3 Rc8 30. f3 Qf8 31. Qxe6 Qa3 32. Qxf7+ Kh6 33. Qg7# 1-0

[Event "Late-Titled-Tuesday-Blitz-April-23-2024"]
[Site "Chess.com"]
[Date "2024.04.23"]
[Round "8"]
[White "Horokoskii"]
[Black "A4RookA3"]
[Result "1-0"]
[WhiteElo "2189"]
[BlackElo "2344"]
[TimeControl "180+1"]
[EndTime "15:29:30 PDT"]
[Termination "Horokoskii won by checkmate"]

1. c4 Nf6 2. Nc3 g6 3. d4 d5 4. Nf3 Bg7 5. Bf4 O-O 6. e3 c5 7.
dxc5 Qa5 8. Rc1 Ne4 9. cxd5 Rd8 10. Qd3 Bf5 11. Qc4 Nd7 12. b4 Bxc3+ 13. Rxc3 b5 14. bxa5 bxc4 15. Rxc4 Ndxc5 16. Be2 Rxd5 17. O-O Rad8 18.
Nd4 Bd7 19. f3 Nd2 20. Rc2 Nxf1 21. Bxf1 e5 22. Bc4 Rxd4 23. exd4 exf4 24. dxc5 Rc8 25.
Bd5 Bc6 26. Bxc6 Rxc6 27. Kf2 f6 28. Ke2 Kf7 29. Kd3 Ke6 30. Kc4 a6 31. Rb2 Ke5 32.
Re2+ Kf5 33. Kd5 Rc8 34. c6 Rd8+ 35. Kc5 Rd1 36. c7 Kg5 37. Kb6 Rb1+ 38. Kxa6 Rc1 39. Kb7 Rb1+ 40. Ka7 Rc1 41. Kb8 Rb1+ 42. Kc8 Rc1 43. Re6 Kf5 44. Rb6 Kg5 45. Kb7 Kh4 46. c8=Q Rxc8 47. Kxc8 h5 48. a6 g5 49. a7 f5 50. a8=Q g4 51. Kb7 g3 52. Qd8# 1-0

[Event "Late-Titled-Tuesday-Blitz-April-23-2024"]
[Site "Chess.com"]
[Date "2024.04.23"]
[Round "8"]
[White "JG-17"]
[Black "Casablanca"]
[Result "0-1"]
[WhiteElo "2551"]
[BlackElo "2700"]
[TimeControl "180+1"]
[EndTime "15:29:33 PDT"]
[Termination "Casablanca won by checkmate"]

1. d4 Nf6 2. Nf3 e6 3. g3 b6 4. Bg2 Bb7 5. O-O c5 6. c4 cxd4 7. Nxd4 Bxg2 8. Kxg2 Qc7 9. Qd3 Nc6 10. Nc3 Nxd4 11.
Qxd4 Bc5 12. Qd3 O-O 13. Rd1 Rfd8 14. Bg5 Be7 15. Rac1 Rac8 16. Bxf6 Bxf6 17. Ne4 Be7 18. Nd6 Bxd6 19. Qxd6 Qxd6 20. Rxd6 Rc6 21. Rcd1 Rxd6 22. Rxd6 Kf8 23. Kf3 Ke7 24. Rd2 Rc8 25. b3 f5 26.
e4 fxe4+ 27. Kxe4 a6 28. f4 b5 29. cxb5 axb5 30. Kd4 g6 31. a4 bxa4 32. bxa4 Ra8 33. Ra2 d6 34. Kc4 Kd7 35. Kb5 Rb8+ 36. Ka6 d5 37. a5 d4 38. Ka7 Rb3 39. a6 d3 40.
Ra4 Kc6 41. Rd4 Kc5 42. Rd7 Kc4 43. Rc7+ Kd4 44. Rxh7 d2 45. g4 Ke4 46. Rd7 Rd3 47.
Rxd3 Kxd3 48. Kb8 d1=Q 49. a7 Qb3+ 50. Kc8 Qc4+ 51. Kb7 Qb5+ 52. Kc8 Qc6+ 53. Kb8 Qb6+ 54. Ka8 Kc4 55. h4 Kc5 56. h5 Kc6 57. h6 Qb7# 0-1

[Event "Late-Titled-Tuesday-Blitz-April-23-2024"]
[Site "Chess.com"]
[Date "2024.04.23"]
[Round "8"]
[White "enriquetejedor"]
[Black "emeli_chess"]
[Result "1/2-1/2"]
[WhiteElo "2737"]
[BlackElo "2483"]
[TimeControl "180+1"]
[EndTime "15:29:34 PDT"]
[Termination "Game drawn by repetition"]

1. c4 e5 2. Nc3 d6 3. e3 f5 4. d4 e4 5. h4 Nf6 6. Nh3 Be7 7.
Nf4 c6 8. Be2 O-O 9. a3 a5 10.
b3 Bd7 11. Bb2 Na6 12. g3 Nc7 13. Kf1 Ne6 14. d5 Nxf4 15. gxf4 Be8 16. h5 h6 17. Qd4 Bf7 18. Rg1 Bxh5 19. Bxh5 Nxh5 20. Nxe4 Bf6 21. Nxf6+ Qxf6 22. Qd2 Qh4 23. dxc6 Qh3+ 24.
Ke2 Nxf4+ 25. exf4 Rae8+ 26. Kd1 Qxb3+ 27. Qc2 Qf3+ 28. Kc1 Qxf4+ 29. Kb1 Rf7 30. Ka2 bxc6 31. Rae1 Rb8 32. Rg3 Rfb7 33. Ba1 a4 34. Re2 Rb3 35.
Rxg7+ Kf8 36. Ree7 Qf3 37. Rgf7+ Kg8 38. Rg7+ Kf8 39. Ref7+ Ke8 40. Re7+ Kf8 1/2-1/2

[Event "Late-Titled-Tuesday-Blitz-April-23-2024"]
[Site "Chess.com"]
[Date "2024.04.23"]
[Round "8"]
[White "Orest_Vovk"]
[Black "Abund"]
[Result "0-1"]
[WhiteElo "2569"]
[BlackElo "2759"]
[TimeControl "180+1"]
[EndTime "15:29:34 PDT"]
[Termination "Abund won by resignation"]

1. h4 Nf6 2. h5 h6 3. Nc3 d5 4. e4 dxe4 5. Qe2 Bf5 6. Qb5+ Bd7 7.
Qxb7 Nc6 8. Bb5 Rb8 9. Qa6 Nd4 10. Bxd7+ Qxd7 11. Qxa7 Rd8 12. Kd1 e5 13. Rh4 Be7 14. Qa4 c6 15. Nxe4 Ng4 16. Nf3 Bxh4 17. Nxh4 O-O 18. f3 Ne3+ 19. dxe3 Nb3+ 20. Ke2 Qd1+ 21.
Kf2 Nxa1 22. Qxc6 Qxc1 23. Nf5 Qxc2+ 24. Qxc2 Nxc2 25. Ne7+ Kh7 26. a3 Rb8 27. b4 Nxa3 28. Nc6 Rb5 29. Nxe5 Rxe5 30. Nc5 Rxc5 31. bxc5 Rc8 0-1

[Event "Late-Titled-Tuesday-Blitz-April-23-2024"]
[Site "Chess.com"]
[Date "2024.04.23"]
[Round "8"]
[White "Cambek64"]
[Black "nindjaxx8"]
[Result "0-1"]
[WhiteElo "2531"]
[BlackElo "2654"]
[TimeControl "180+1"]
[EndTime "15:29:36 PDT"]
[Termination "nindjaxx8 won by checkmate"]

1. b3 d5 2. Bb2 Nf6 3. e3 e6 4. f4 Be7 5. Nf3 O-O 6. Bd3 b6 7. Qe2 Bb7 8. O-O Nbd7 9. Ne5 Rc8 10. Rf3 Ne4 11. Rh3 Ndf6 12. g4 Nd7 13. g5 g6 14.
Qg4 Nxe5 15. Bxe5 f5 16. gxf6 Bxf6 17. Qxe6+ Rf7 18. Rxh7 Qf8 19. Rxf7 Qxf7 20. Qxf7+ Kxf7 21. Bxf6 Kxf6 22. Nc3 Nxd2 23. Kf2 c5 24. Rd1 d4 25. Rxd2 dxc3 26. Rd1 Rh8 27. Kg3 Bc8 28. Bf1 Re8 29. Re1 Bf5 30. Bd3 Bxd3 31. cxd3 Rd8 32. Rd1 c2 33. Rc1 Rxd3 34. Rxc2 Rxe3+ 35. Kg4 Rd3 36. h4 Rd1 37. Re2 Rg1+ 38. Kf3 Rf1+ 39. Kg4 Rg1+ 40.
Kf3 Rd1 41. Kg4 Rd3 42. h5 gxh5+ 43. Kxh5 Kf5 44. Re7 Rh3# 0-1

[Event "Late-Titled-Tuesday-Blitz-April-23-2024"]
[Site "Chess.com"]
[Date "2024.04.23"]
[Round "8"]
[White "DanielDardha2005"]
[Black "Airquake"]
[Result "1-0"]
[WhiteElo "2855"]
[BlackElo "2670"]
[TimeControl "180+1"]
[EndTime "15:29:37 PDT"]
[Termination "DanielDardha2005 won on time"]

1. d4 Nf6 2. Bg5 Ne4 3. h4 h6 4. Bf4 c5 5. dxc5 Qa5+ 6. Nd2 Nc6 7. c3 Nxd2 8. b4 Qa3 9. Qxd2 g6 10. Qc1 Qa4 11. e3 Bg7 12. Nf3 d6 13. cxd6 exd6 14. Bc4 O-O 15. Bb3 Qb5 16. Nd4 Nxd4 17. cxd4 Qxb4+ 18. Qd2 Qb6 19. O-O Bd7 20. Rab1 Qa6 21. Rfc1 Rac8 22. d5 Bf5 23. Rxc8 Rxc8 24. Rc1 Rxc1+ 25.
Qxc1 Qb6 26. Qa3 Bf8 27. Qa4 Qc5 28. Kh2 a6 29. Qe8 Qc8 30. Qxc8 Bxc8 31. a4 b5 32. axb5 axb5 33. e4 Kg7 34. Bd2 Be7 35. Kg3 Bf6 36. Bb4 Be7 37. e5 Bd7 38. f4 Kf8 39. exd6 Bf6 40. Bd1 h5 41. Be2 Ke8 42. Bd3 Kd8 43. Kf3 Kc8 44. g3 Bd8 45. f5 gxf5 46. Kf4 1-0

[Event "Late-Titled-Tuesday-Blitz-April-23-2024"]
[Site "Chess.com"]
[Date "2024.04.23"]
[Round "8"]
[White "contrerasfiorella"]
[Black "Heliosis11"]
[Result "1-0"]
[WhiteElo "2241"]
[BlackElo "2383"]
[TimeControl "180+1"]
[EndTime "15:29:37 PDT"]
[Termination "contrerasfiorella won on time"]

1. e4 c5 2. Nc3 e6 3. g3 d5 4. exd5 exd5 5. d4 Nf6 6. Bg2 cxd4 7. Qxd4 Nc6 8. Qa4 Be7 9. Nge2 O-O 10. O-O Re8 11. Rd1 Be6 12. Nf4 Qd7 13. Ncxd5 Nxd5 14. Nxd5 Bxd5 15. Bxd5 Qf5 16. Be3 Bf6 17. c3 Rac8 18.
Qb3 Ne5 19. Bxa7 Nf3+ 20. Kg2 Ng5 21. Qxb7 Qh3+ 22. Kg1 Rcd8 23. Bg2 Qg4 24. Qb3 Ra8 25. Be3 Rab8 26. Qc2 Nf3+ 27. Kh1 Qh5 28. Bxf3 Qxf3+ 29. Kg1 h5 30. Re1 h4 31. Qe2 Qc6 32. Rab1 h3 33.
Qf1 Qe6 34. Bd2 Qg4 35. f3 Qd7 36. Be3 1-0

[Event "Late-Titled-Tuesday-Blitz-April-23-2024"]
[Site "Chess.com"]
[Date "2024.04.23"]
[Round "8"]
[White "shirovin"]
[Black "KorolDimitriy75"]
[Result "0-1"]
[WhiteElo "2088"]
[BlackElo "2350"]
[TimeControl "180+1"]
[EndTime "15:29:37 PDT"]
[Termination "KorolDimitriy75 won on time"]

1. d4 Nf6 2. Nc3 d5 3. Bf4 g6 4. e3 Bg7 5. h4 h5 6. Nf3 O-O 7. Bd3 c5 8. dxc5 Qa5 9. O-O Nc6 10. Nd4 Qxc5 11. Nb3 Qb6 12. Qf3 e5 13. Bg5 Bg4 14. Qg3 Be6 15. Rad1 a5 16. a4 Rac8 17. e4 dxe4 18.
Bxf6 Bxf6 19. Nxe4 Bg7 20. Nbc5 Nd4 21. Nxe6 Nxe6 22.
Qf3 Qxb2 23. Rb1 Qd4 24. Rxb7 Nc5 25. Rb5 Nxe4 26. Bxe4 Rc4 27. Bd3 Rxa4 28. Qb7 e4 29. Rd5 Qb4 30. Be2 Qxb7 31. Re1 Qxd5 0-1

[Event "Late-Titled-Tuesday-Blitz-April-23-2024"]
[Site "Chess.com"]
[Date "2024.04.23"]
[Round "8"]
[White "Slovineanu"]
[Black "Russian_berezka"]
[Result "1-0"]
[WhiteElo "2503"]
[BlackElo "2629"]
[TimeControl "180+1"]
[EndTime "15:29:38 PDT"]
[Termination "Slovineanu won on time"]

1. d4 Nf6 2. Nf3 d5 3. c4 e6 4. e3 b6 5. b3 Bd6 6. Bd3 Bb7 7. O-O O-O 8. Bb2 Nbd7 9. Nc3 a6 10. Rc1 Ne4 11.
Ne2 Qe7 12. a4 f5 13. Ne5 Nxe5 14. dxe5 Bc5 15. Nf4 Rad8 16. cxd5 exd5 17. Qe2 a5 18. Rfd1 Kh8 19. Ba6 Bxa6 20. Qxa6 c6 21. Qe2 Rde8 22. Rc2 Ng5 23. Bd4 Ne6 24. Nxe6 Qxe6 25. Bxc5 bxc5 26. f4 Rb8 27. Qd3 Qe7 28. Rdc1 g5 29. Rxc5 gxf4 30. exf4 Rg8 31. Rxc6 Qb4 32. Qxd5 Qxf4 33. e6 Rbd8 34. Qc4 Qe3+ 35. Kh1 Rd2 36. Rg1 1-0

[Event "Late-Titled-Tuesday-Blitz-April-23-2024"]
[Site "Chess.com"]
[Date "2024.04.23"]
[Round "8"]
[White "kalinchick"]
[Black "kripri"]
[Result "0-1"]
[WhiteElo "2435"]
[BlackElo "2343"]
[TimeControl "180+1"]
[EndTime "15:29:39 PDT"]
[Termination "kripri won by resignation"]

1. d4 d5 2. g3 Nf6 3. Bg2 g6 4.
Nf3 Bg7 5. O-O O-O 6. b3 c5 7.
Bb2 Ne4 8. Nfd2 Bf5 9. Nxe4 dxe4 10. e3 Nc6 11. c3 cxd4 12. exd4 Qd7 13. Nd2 e5 14.
dxe5 e3 15. fxe3 Nxe5 16. Ne4 Nd3 17. Ba3 Rfe8 18. Nd6 Rxe3 19. Rf3 Re1+ 20. Qxe1 Nxe1 21. Rxe1 Be6 22. Rd3 Rb8 23. c4 h5 24. Red1 Qc7 25. Ne4 Qa5 26. Bd6 Rc8 27. a3 Bf5 28. h3 Re8 29. Re3 Bxe4 30. Rxe4 Rxe4 31. Bxe4 Qc3 32. Bxb7 Qxb3 33. Bd5 Qxd1+ 34. Kg2 Bd4 35. Bf4 Qg1+ 36.
Kf3 Qf2+ 37. Ke4 Bc5 38. g4 Qd4+ 39. Kf3 hxg4+ 40. hxg4 Qd3+ 41. Kg2 Qe2+ 42. Kg3 Qf2+ 43. Kh3 Qxf4 0-1

[Event "Late-Titled-Tuesday-Blitz-April-23-2024"]
[Site "Chess.com"]
[Date "2024.04.23"]
[Round "8"]
[White "albi1999"]
[Black "ACollins05"]
[Result "1/2-1/2"]
[WhiteElo "2655"]
[BlackElo "2547"]
[TimeControl "180+1"]
[EndTime "15:29:40 PDT"]
[Termination "Game drawn by repetition"]

1. b3 b5 2. Bb2 Bb7 3. e3 a6 4. Nf3 e6 5. c4 bxc4 6. bxc4 c5 7. Nc3 Nf6 8. Be2 Be7 9. O-O O-O 10. Rb1 d6 11. Ba1 Qc7 12. d3 Nc6 13. Nd2 Rab8 14. Qa4 Nd7 15. a3 Bf6 16. Nde4 Be7 17. Qc2 f5 18. Nd2 Bf6 19. f4 Ba8 20. Nb3 Na5 21. Nxa5 Qxa5 22. Rb3 Rxb3 23. Qxb3 Rb8 24. Qc2 Qxa3 25.
g4 Rb3 26. Nb1 Qb4 27. Nd2 Ra3 28. Bxf6 Nxf6 29. Rb1 Qc3 30. Rb8+ Kf7 31. Qxc3 Rxc3 32. g5 Rc2 33. gxf6 Rxd2 34. Kf2 Bc6 35. fxg7 Kxg7 36. Rb6 Ba4 37. Ke1 Rc2 38. Rxa6 Bb3 39. Rxd6 Kf6 40. Rb6 Ba4 41. Ra6 Bb3 42. Ra3 Rb2 43. Ra5 Rb1+ 44. Kf2 Rh1 45. Kg3 Rg1+ 46. Kf2 Rh1 47. Kg2 Re1 48.
Kf2 Rh1 1/2-1/2

[Event "Late-Titled-Tuesday-Blitz-April-23-2024"]
[Site "Chess.com"]
[Date "2024.04.23"]
[Round "8"]
[White "Fins0905"]
[Black "subham777"]
[Result "0-1"]
[WhiteElo "2746"]
[BlackElo "2548"]
[TimeControl "180+1"]
[EndTime "15:29:40 PDT"]
[Termination "subham777 won by resignation"]

1. c4 e6 2. d4 d5 3. Nc3 Nf6 4. cxd5 exd5 5. Bg5 c6 6. e3 Bd6 7. Bd3 O-O 8. Nge2 h6 9. Bh4 a5 10. h3 Na6 11. O-O Re8 12. Rc1 Nc7 13. Qc2 Ne6 14.
Bf5 Ng5 15. f4 Bxf5 16. Qxf5 g6 17. Qd3 Nge4 18. Nxe4 dxe4 19. Qb3 Rb8 20. Nc3 Be7 21. Qc2 Nd5 22. Bxe7 Rxe7 23. Nxd5 Qxd5 24. a3 f5 25. Qd2 b6 26. Qe2 Rc7 27. Rfd1 Rd8 28.
Qa6 Rb8 29. Kh2 Qb3 30. Rd2 Qxe3 31. Rcc2 Qxf4+ 32. g3 Qd6 33. Qc4+ Kg7 34. d5 Rd8 35. Qc3+ Qf6 36. Qb3 Rcd7 37. Rxc6 Qxc6 38. dxc6 Rxd2+ 39. Kg1 Rd1+ 40. Kf2 R8d2+ 41. Ke3 Rd3+ 42. Ke2 Rxb3 43. Kxd1 Rb5 44. b4 axb4 45. c7 Rc5 0-1

[Event "Late-Titled-Tuesday-Blitz-April-23-2024"]
[Site "Chess.com"]
[Date "2024.04.23"]
[Round "8"]
[White "Mischuk_D"]
[Black "Sargsyan_Shant"]
[Result "0-1"]
[WhiteElo "2771"]
[BlackElo "2964"]
[TimeControl "180+1"]
[EndTime "15:29:41 PDT"]
[Termination "Sargsyan_Shant won on time"]

1. e4 g6 2. d4 Nf6 3. Nd2 d5 4. exd5 Bg7 5. Ngf3 O-O 6. Bc4 Nxd5 7. O-O Nc6 8. c3 Bf5 9. Re1 Nb6 10. Bb3 a5 11.
a4 Qd7 12. Nf1 Rad8 13. Qe2 Bg4 14. Bf4 e6 15. h3 Bxf3 16. Qxf3 Nd5 17. Bg5 Rde8 18.
Ne3 Nce7 19. Nc4 Nc6 20. Re2 h6 21. Bd2 Nce7 22. Nxa5 b6 23. Nc4 Nf5 24. Ne5 Qd6 25. Rae1 Rd8 26. Bf4 Nxf4 27. Qxf4 c5 28. dxc5 bxc5 29.
Bc2 Ne7 30. Qf3 Nd5 31. Nc4 Qc7 32. a5 Nf4 33. Re4 g5 34. Ra1 f5 35. Ree1 e5 36. a6 e4 37. Qe3 Nd5 38. Qe2 Nf4 39. Qf1 Kh8 40. Red1 Rde8 41. Rd6 g4 42. hxg4 fxg4 43. Qd1 Qf7 44. Qxg4 Qxc4 45. a7 e3 46. a8=Q Rxa8 47. Rxa8 Ne2+ 48. Qxe2 Qxe2 49. Rxf8+ Bxf8 50. Rf6 Qxc2 51. Rxf8+ Kg7 52. fxe3 Kxf8 0-1

[Event "Late-Titled-Tuesday-Blitz-April-23-2024"]
[Site "Chess.com"]
[Date "2024.04.23"]
[Round "8"]
[White "ubdip"]
[Black "karinachess1"]
[Result "1-0"]
[WhiteElo "2450"]
[BlackElo "2578"]
[TimeControl "180+1"]
[EndTime "15:29:41 PDT"]
[Termination "ubdip won by checkmate"]

1. c4 e5 2. Nc3 d6 3. Nf3 f5 4. d3 Nf6 5. e4 Be7 6. Be2 O-O 7. O-O Nc6 8. h3 Kh8 9. a3 a5 10. Rb1 Be6 11. Ng5 Bg8 12. exf5 Nd4 13. Ne6 Nxe6 14. fxe6 Bxe6 15. d4 e4 16. d5 Bf5 17. Be3 Qd7 18. Kh2 Rae8 19. b4 axb4 20. axb4 b6 21. Nb5 Bg6 22.
Ra1 Ra8 23. Qd2 Nh5 24. Nd4 Rxa1 25. Rxa1 Bf6 26. Ra7 Be5+ 27. Kg1 Nf4 28. Bg4 Qd8 29. Nb5 Nd3 30. Nxc7 Qb8 31. Ne6 Qxa7 32. Nxf8 Qa1+ 33. Qd1 Qb2 34. Nxg6+ hxg6 35. Bxb6 Qxb4 36. Be3 Qxc4 37. Be6 Bd4 38. Qg4 Bxe3 39. fxe3 Qc1+ 40. Kh2 Qxe3 41. Qh4+ Qh6 42. Qd8+ Kh7 43. Qg8# 1-0

[Event "Late-Titled-Tuesday-Blitz-April-23-2024"]
[Site "Chess.com"]
[Date "2024.04.23"]
[Round "8"]
[White "azikom"]
[Black "Navyblue1"]
[Result "1-0"]
[WhiteElo "2691"]
[BlackElo "2268"]
[TimeControl "180+1"]
[EndTime "15:29:41 PDT"]
[Termination "azikom won on time"]

1. c4 Nf6 2. Nc3 g6 3. e4 Bg7 4.
d4 d6 5. Bg5 O-O 6. Qd2 c5 7.
d5 e6 8. f3 Qb6 9. Nge2 Na6 10.
Ng3 exd5 11. cxd5 Re8 12. Be2 Nc7 13. O-O Qa5 14. a4 Qb4 15. h3 Rb8 16. Kh1 a6 17. Qc1 b5 18. Bd2 Qd4 19. axb5 axb5 20. Ra7 Rb7 21.
Rxb7 Bxb7 22. Bxb5 Rb8 23. Bf4 Qb4 24. Bd3 Nfe8 25. Bd2 Qb3 26. Bc2 Qc4 27. Re1 Ba6 28.
Nf1 Qd4 29. Ne3 Bd3 30. Ng4 Bxc2 31. Qxc2 Qc4 32. Ne3 Qb3 33. Qxb3 Rxb3 34. Ned1 Nb5 35. f4 Nxc3 36. bxc3 Nc7 37. Kg1 1-0

[Event "Late-Titled-Tuesday-Blitz-April-23-2024"]
[Site "Chess.com"]
[Date "2024.04.23"]
[Round "8"]
[White "Binary010"]
[Black "TangerineandLemon25"]
[Result "1-0"]
[WhiteElo "2834"]
[BlackElo "2644"]
[TimeControl "180+1"]
[EndTime "15:29:44 PDT"]
[Termination "Binary010 won on time"]

1. d4 d5 2. c4 e6 3. Nf3 a6 4. Bg5 Be7 5. Bxe7 Qxe7 6. Nbd2 Nf6 7. g3 b6 8. Bg2 Bb7 9. O-O Nbd7 10. Rc1 c5 11. cxd5 exd5 12. dxc5 bxc5 13. Nb3 Rb8 14. Qc2 Rc8 15. Rfd1 O-O 16. e3 Ne4 17. Nfd2 Nd6 18. Na5 Ba8 19. Nb1 Nf6 20. Nc3 Qe6 21. Ne2 Nde4 22. Nf4 Qb6 23. Nb3 Rfe8 24. h3 h6 25. Nd2 Nd6 26. b3 Bb7 27. Nb1 Nb5 28. Nxd5 Nxd5 29.
Bxd5 Nd4 30. exd4 Bxd5 31. dxc5 Qe6 32. Kh2 Be4 33. Qd2 Bb7 34. Re1 Qc6 35. f4 Rcd8 36. Qf2 Rxe1 37. Rxe1 Rd3 38. Nd2 Qd5 39. Ne4 1-0

[Event "Late-Titled-Tuesday-Blitz-April-23-2024"]
[Site "Chess.com"]
[Date "2024.04.23"]
[Round "8"]
[White "Veleamater"]
[Black "jaramsdal"]
[Result "1-0"]
[WhiteElo "2428"]
[BlackElo "2240"]
[TimeControl "180+1"]
[EndTime "15:29:45 PDT"]
[Termination "Veleamater won on time"]

1. g3 Nf6 2. Bg2 d5 3. d3 e6 4. Nf3 Be7 5. O-O O-O 6. h3 c5 7. Nc3 d4 8. Ne4 Nxe4 9. dxe4 Qb6 10. b3 Rd8 11. Bd2 a5 12. a4 Nc6 13. Qc1 e5 14. Ne1 c4 15. bxc4 Be6 16. Kh2 Bxc4 17. Nd3 Rac8 18. Rb1 Qa6 19. f4 exf4 20. gxf4 Nb4 21.
Qd1 Qc6 22. Rg1 Qxa4 23. Nxb4 Bxb4 24. Bxb4 axb4 25. Qd2 Ba6 26. Rb2 Qb5 27. Bf3 Rc3 28.
Rgb1 Qc5 29. e5 Rc8 30. Be4 g6 31. Rxb4 Re3 32. Bd3 Bxd3 33. exd3 Qxc2 34. Qxc2 Rxc2+ 35. Kg1 Rxd3 36. Rxb7 Rxh3 37. Re1 Rg3+ 38. Kh1 Rc6 39. Rd1 1-0

[Event "Late-Titled-Tuesday-Blitz-April-23-2024"]
[Site "Chess.com"]
[Date "2024.04.23"]
[Round "8"]
[White "Lennis93"]
[Black "rasmussvane"]
[Result "0-1"]
[WhiteElo "2761"]
[BlackElo "2954"]
[TimeControl "180+1"]
[EndTime "15:29:46 PDT"]
[Termination "rasmussvane won on time"]

1. d4 d5 2. c4 e6 3. Nf3 a6 4. cxd5 exd5 5. Nc3 Nf6 6. Bg5 Be6 7. Qb3 Nbd7 8. e3 Bd6 9. Bd3 b5 10. a4 b4 11. Ne2 c5 12. dxc5 Nxc5 13. Qd1 O-O 14.
Ned4 h6 15. Bh4 Rc8 16. O-O Bd7 17. Bf5 Re8 18. Bxd7 Ncxd7 19. Nf5 Bf8 20. Bg3 Nc5 21. a5 Qd7 22. N5d4 Nfe4 23. Ne5 Qb7 24. Nd3 Ne6 25. Be5 Nd6 26. Nxe6 fxe6 27. Qg4 Nc4 28. Bg3 e5 29.
Rfd1 b3 30. h4 e4 31. Nf4 Nxb2 32. Rxd5 Nd3 33. Rd7 Qb4 34. Nh5 Qc3 35. Rb1 b2 36. Kh2 Rc5 37. Qg6 Re7 38. Rxe7 Bxe7 39. Nf4 Qf6 0-1

[Event "Late-Titled-Tuesday-Blitz-April-23-2024"]
[Site "Chess.com"]
[Date "2024.04.23"]
[Round "8"]
[White "RebecaJimnz"]
[Black "Nf3c5"]
[Result "0-1"]
[WhiteElo "2312"]
[BlackElo "2621"]
[TimeControl "180+1"]
[EndTime "15:29:46 PDT"]
[Termination "Nf3c5 won on time"]

1. e4 c5 2. Nf3 Nc6 3. d4 cxd4 4. Nxd4 e5 5. Nb5 d6 6. c4 Be6 7. N5c3 g6 8. Bd3 Bg7 9. O-O Nf6 10. Bg5 h6 11.
Bxf6 Bxf6 12. Nd5 Bg7 13. Nbc3 O-O 14. b4 Nd4 15. a4 Rc8 16. Rc1 f5 17. exf5 gxf5 18.
f4 Kh8 19. Kh1 a5 20. b5 Rf7 21. Ne2 Bxd5 22. cxd5 Rxc1 23. Qxc1 e4 24. Nxd4 Bxd4 25.
Be2 Rc7 26. Qd2 Bb6 27. Qb2+ Kh7 28. h3 Qh8 29. Qd2 Qd4 30. Qe1 Rg7 31. Qh4 Qd2 32. Qh5 Rg6 33. Rd1 Qe3 34. Kh2 Qxf4+ 35. Kh1 Qg3 36.
Bf1 Qf2 0-1

[Event "Late-Titled-Tuesday-Blitz-April-23-2024"]
[Site "Chess.com"]
[Date "2024.04.23"]
[Round "8"]
[White "Zhigalko_Sergei"]
[Black "Bykov_Egor"]
[Result "1-0"]
[WhiteElo "2886"]
[BlackElo "2609"]
[TimeControl "180+1"]
[EndTime "15:29:47 PDT"]
[Termination "Zhigalko_Sergei won by resignation"]

1. e4 e5 2. Nf3 Nc6 3. Bc4 Bc5 4.
b4 Bxb4 5. c3 Ba5 6. d4 exd4 7.
O-O Nge7 8. Ng5 d5 9. Nxf7 Kxf7 10. exd5 Ne5 11. Bb3 Kf8 12. Re1 Nf7 13. d6 cxd6 14.
Qf3 Bf5 15. g4 Bg6 16. Bg5 Rc8 17. Bxe7+ Qxe7 18. Rxe7 Kxe7 19. Na3 Ne5 20. Re1 Rxc3 21. Qd5 Rc5 22. Qe6+ Kd8 23. Rxe5 Rc1+ 24. Kg2 dxe5 25. Qd6+ Ke8 26. Qxe5+ Kd7 27. Qxa5 Be4+ 28. f3 Bc6 29. Qd2 Bxf3+ 30. Kxf3 Rf8+ 31. Kg2 Rc7 32. Nb5 Rc5 33. Qxd4+ Kc6 34. Nxa7+ Kb6 35. a4 Rf6 36. a5+ Kxa7 37. Qxc5+ 1-0

[Event "Late-Titled-Tuesday-Blitz-April-23-2024"]
[Site "Chess.com"]
[Date "2024.04.23"]
[Round "8"]
[White "TheSilmarils"]
[Black "Sokoloco"]
[Result "1-0"]
[WhiteElo "2975"]
[BlackElo "2782"]
[TimeControl "180+1"]
[EndTime "15:29:48 PDT"]
[Termination "TheSilmarils won on time"]

1. Nf3 d6 2. d4 g6 3. e4 Bg7 4. c3 c6 5. Bd3 Qc7 6. O-O e5 7. a4 Bg4 8. dxe5 dxe5 9. h3 Bc8 10. Na3 Ne7 11. Nc4 O-O 12. a5 f6 13. Nb6 axb6 14.
Qb3+ Nd5 15. exd5 Qf7 16. Be4 h6 17. Rd1 f5 18. Bc2 e4 19. Nh2 cxd5 20. Qxb6 Be6 21. Bb3 Ra6 22. Qb5 Rd8 23. Bf4 Nc6 24. Nf1 g5 25. Bc1 f4 26. Nd2 Ne5 27. Nxe4 f3 28. Bxg5 hxg5 29. Nxg5 Qg6 30. h4 Rd7 31. Bxd5 Rxd5 32.
Rxd5 Bxd5 33. Qxd5+ Nf7 34. Nxf3 Qc6 35. Qb3 Qe6 36.
Qb5 Qc6 37. Qd3 Qd6 38. Qf1 Qc6 39. Rd1 Qf6 40. Qb5 Qc6 41. Qxc6 Rxc6 42. Rd7 1-0

[Event "Late-Titled-Tuesday-Blitz-April-23-2024"]
[Site "Chess.com"]
[Date "2024.04.23"]
[Round "8"]
[White "Cuchulin"]
[Black "Iuckyducky"]
[Result "1-0"]
[WhiteElo "2224"]
[BlackElo "2216"]
[TimeControl "180+1"]
[EndTime "15:29:48 PDT"]
[Termination "Cuchulin won by resignation"]

1. d4 Nf6 2. Bf4 c5 3. e3 Qb6 4. Nc3 d6 5. Rb1 g6 6. Nf3 Bg7 7. h3 a6 8. Bc4 Nbd7 9. O-O Qc7 10. a4 cxd4 11. Bxf7+ Kxf7 12. Ng5+ Kg8 13. Ne6 Qc4 14.
Nxd4 e5 15. Nce2 exf4 16. b3 Qf7 17. Nxf4 Ne5 18. c4 Bf5 19. Nxf5 gxf5 20. Qxd6 Ne4 21. Qb6 Nd2 22. Nd5 Nxf1 23. Rxf1 h6 24. f4 Nc6 25. Rf3 Kh7 26. Rg3 Rhg8 27. Rf3 Bb2 28. Rf2 Ba1 29. Ra2 Bh8 30. Re2 Rad8 31. Kh2 Rd6 32. Qc5 Rdg6 33. b4 Qg7 34. Kh1 Rxg2 35. Nf6+ Qxf6 36. Rxg2 Rxg2 37. Kxg2 Qb2+ 38. Kf3 Qxb4 39. Qxf5+ Kg8 40. Qe6+ Kg7 41. Qd7+ Qe7 42. Qg4+ Kf8 43. Qf5+ Ke8 44. Qc8+ Kf7 45. Qf5+ Bf6 46. Qh7+ Bg7 47. Qf5+ Kg8 48. Qd5+ Kh7 49. e4 Qa3+ 50. Kg4 Qxa4 51. Qf5+ Kg8 52.
Qe6+ Kf8 53. Qc8+ Ke7 54. Qxb7+ Kf8 55. Qc8+ Kf7 56. Qd7+ Ne7 57. Qxa4 1-0

[Event "Late-Titled-Tuesday-Blitz-April-23-2024"]
[Site "Chess.com"]
[Date "2024.04.23"]
[Round "8"]
[White "elmusmolamas"]
[Black "juancruzarias"]
[Result "0-1"]
[WhiteElo "2510"]
[BlackElo "2648"]
[TimeControl "180+1"]
[EndTime "15:29:50 PDT"]
[Termination "juancruzarias won by checkmate"]

1. e4 c5 2. Nf3 d6 3. Nc3 a6 4. a4 e5 5. Bc4 Be7 6. d3 Nf6 7. Ng5 O-O 8. f4 exf4 9. Bxf4 Nc6 10. Qd2 Nd4 11. O-O h6 12. Nf3 Be6 13. Nxd4 cxd4 14. Nd5 Bxd5 15. Bxd5 Nxd5 16. exd5 Rc8 17. Rae1 Bg5 18.
Re4 Bxf4 19. Rexf4 Qg5 20. Qf2 Qxd5 21. Rxd4 Qc5 22.
c3 Rce8 23. Rb4 Re7 24. d4 Qc7 25. Qf3 Rfe8 26. h3 b6 27. Qd5 Re2 28. Rc4 Qe7 29.
Rc6 Qe3+ 30. Kh1 Rf2 31. Rg1 Re4 32. Qxd6 Rff4 33. Rc8+ Kh7 34. Qd8 Rh4 35. Qg8+ Kg6 36. Rc6+ Kh5 37. Qc8 Re6 38. Rxe6 Rxh3+ 39. gxh3 Qxh3# 0-1